 Dungeon Crawl Stone Soup version 0.17.0-24-gcfadda4 (webtiles) character file.

243 Banto the Sneak (level 5, -5/24 HPs)
             Began as a Spriggan Necromancer on Nov 18, 2015.
             Was an Initiate of Sif Muna.
             Killed from afar by Natasha (8 damage)
             ... with a magic dart
             ... on level 3 of the Dungeon.
             The game lasted 00:04:53 (2325 turns).

Banto the Sneak (Spriggan Necromancer)              Turns: 2325, Time: 00:04:53

Health: -5/24      AC:  2    Str:  4    XL:     5   Next: 82%
Magic:  10/10      EV: 18    Int: 18    God:    Sif Muna [......]
Gold:   106        SH:  0    Dex: 16    Spells: 1 memorised, 8 levels left

rFire  . . .     SeeInvis +     d - +1 dagger (venom)
rCold  . . .     Clarity  .     a - +0 robe
rNeg   . . .     SustAt   +     (shield restricted)
rPois  .         Gourm    .     (helmet restricted)
rElec  .         Spirit   .     (no cloak)
rCorr  .         Warding  .     (gloves unavailable)
rMut   .         Stasis   .     (boots unavailable)
MR     .....                    (no amulet)
Stlth  ++++......               e - ring of sustain attributes
                                n - ring of flight

@: hasted, very quick, not resistant to hostile enchantments, stealthy
A: unfitting armour, see invisible, herbivore 3, speed 3, slow metabolism 2
a: Renounce Religion, Evoke Flight


You were on level 3 of the Dungeon.
You worshipped Sif Muna.
Sif Muna was noncommittal.
You were not hungry.

You visited 1 branch of the dungeon, and saw 3 of its levels.

You collected 106 gold pieces.

Inventory:

Hand Weapons
 d - a +1 dagger of venom (weapon)
 q - a +2 dagger of speed
Missiles
 s - a throwing net (quivered)
Armour
 a - a +0 robe (worn)
 f - a +0 cloak
Jewellery
 e - a ring of sustain attributes (right hand)
 n - a ring of flight (left hand)
Scrolls
 i - 3 scrolls of blinking
 j - 2 scrolls of remove curse
 r - a scroll of magic mapping
Potions
 g - a potion of agility
 p - 4 potions of curing
Books
 b - a book of Necromancy

   Spells                             Type                      Level
   a - Pain                           Necromancy                   1
   b - Animate Skeleton               Necromancy                   1
   c - Vampiric Draining              Necromancy                   3
   d - Regeneration                   Charms/Necromancy            3
   e - Animate Dead                   Necromancy                   4
   f - Control Undead                 Necromancy                   4
Comestibles
 c - a bread ration
 h - 6 fruits
 k - a royal jelly
 o - a slice of pizza


   Skills:
 + Level 4.4 Short Blades
 - Level 3.0 Dodging
 + Level 6.9 Stealth
 - Level 2.6 Spellcasting
 - Level 3.6 Necromancy


You had 8 spell levels left.
You knew the following spells:

 Your Spells              Type           Power        Failure   Level  Hunger
a - Pain                  Necr           ###.         4%          1    #......


Dungeon Overview and Level Annotations

Branches:
Dungeon (3/15)

Altars:
Sif Muna

Annotations:
D:3 Natasha


Innate Abilities, Weirdness & Mutations

You are tiny and cannot use many weapons and most armour.
You have supernaturally acute eyesight.
You are a herbivore.
You cover ground extremely quickly.
You need consume almost no food.


Message History

Natasha is nearby!
Natasha is nearby!
Natasha hisses angrily.
Natasha zaps a wand.
The puff of flame misses you.
It is a wand of flame.
You closely miss Natasha. Natasha claws you!
You hit Natasha.
Natasha is poisoned.
Natasha is moderately wounded.
Natasha casts a spell at you. The magic dart hits you!
You barely miss Natasha.
Natasha is moderately wounded.
Natasha zaps a wand.
The puff of flame hits you!
* * * LOW HITPOINT WARNING * * *
You hit Natasha but do no damage.
Natasha looks even sicker.
Natasha is heavily wounded.
Drink which item? (? for menu, Esc to quit)
It was a potion of haste.
You feel yourself speed up. Natasha casts a spell at you.
The magic dart hits you!
You die...

.......##***,***
...............#
.......#####.#.#
.............#.########
##########*#..........#
≈≈≈≈≈≈## #..........#
≈§≈≈§§≈## #..%.......#
≈≈§≈§≈≈≈## #.....h....#
≈≈≈≈≈≈≈≈≈###....@.....#
§§≈§§§≈≈≈≈##.#.########
≈≈≈≈§§≈≈≈≈≈#.#.#
§§≈≈§≈≈≈§≈≈#.#.#********
.†..≈≈§§§§≈#.#..,,,,,,,*
.##[≈≈≈≈≈§≈#.#######**,*
.##.≈§§≈≈≈≈#.......# *,*
.§..§≈≈≈≈§≈#.......###.*
≈≈§≈§§§≈≈≈≈#.#.........*


You could see Natasha.

Vanquished Creatures
  A necrophage (D:3)
  Ijyb (D:3)
  Jessica (D:2)
  4 adders
  An ooze (D:1)
  A giant gecko (D:2)
  2 giant cockroaches
  14 goblins
  12 hobgoblins
  2 jackals (D:2)
  6 kobolds
  2 quokkas (D:2)
  A ball python (D:3)
  9 bats
  5 giant newts
  4 rats
66 creatures vanquished.

Notes
Turn   | Place    | Note
--------------------------------------------------------------
     0 | D:1      | Banto the Spriggan Necromancer began the quest for the Orb.
     0 | D:1      | Reached XP level 1. HP: 9/9 MP: 5/5
   173 | D:1      | Reached XP level 2. HP: 11/13 MP: 6/6
   185 | D:1      | Reached skill level 1 in Short Blades
   322 | D:1      | Reached skill level 4 in Stealth
   778 | D:2      | Reached XP level 3. HP: 16/16 MP: 8/8
   828 | D:2      | Noticed Jessica
   839 | D:2      | Killed Jessica
   974 | D:2      | Reached skill level 5 in Stealth
  1135 | D:2      | Found a faded altar to an unknown god.
  1145 | D:2      | Reached XP level 4. HP: 15/21 MP: 9/9
  1349 | D:2      | HP: 1/21 [poisoned by an adder]
  1600 | D:2      | Found a deep blue altar of Sif Muna.
  1770 | D:3      | Noticed a necrophage
  1773 | D:3      | Killed a necrophage
  1773 | D:3      | Reached skill level 6 in Stealth
  1773 | D:3      | Reached XP level 5. HP: 24/24 MP: 10/10
  1784 | D:3      | Noticed Ijyb
  1804 | D:3      | Killed Ijyb
  1954 | D:2      | Became a worshipper of Sif Muna the Loreminder
  2316 | D:3      | Noticed Natasha
  2325 | D:3      | Killed from afar by Natasha

Action                   |  1- 3 |  4- 6 || total
-------------------------+-------+-------++-------
Melee: Dagger            |    74 |    70 ||   144
 Cast: Pain              |     4 |     5 ||     9
  Use: Scroll            |     2 |     3 ||     5
       Potion            |       |     3 ||     3
 Stab: Sleeping          |    11 |     8 ||    19
